 Dungeon Crawl Stone Soup version 0.31.0-12-g77e489cdc1 (webtiles) character file.

Game seed: 11841231703703178313

19310 Chiseanne the Fighter (level 12, -10/98 HPs)
             Began as a Demonspawn Wanderer on Feb 16, 2024.
             Was an Initiate of Gozag.
             Mangled by an ettin
             ... wielding a +0 dire flail
              (23 damage)
             ... on level 2 of the Orcish Mines.
             The game lasted 00:42:33 (14064 turns).

Chiseanne the Fighter (Demonspawn Wanderer)        Turns: 14064, Time: 00:42:34

Health: -10/98     AC: 21    Str: 20    XL:     12   Next: 35%
Magic:  0/22       EV: 12    Int: 16    God:    Gozag
Gold:   1594       SH: 16    Dex: 14    Spells: 22/24 levels left

rFire   . . .        s - +2 dagger (venom)
rCold   + + .        b - +1 kite shield
rNeg    . . .        e - +0 ring mail of Untruth {rPois rC+ Str+5}
rPois   +            p - +0 helmet
rElec   .            t - +0 cloak
rCorr   +            M - +1 pair of gloves
SInv    .            (no boots)
Will    .....        y - amulet "Wiebodua" {^Drain rC+ Regen+ Int+2 Slay+3}
Stlth   +            F - ring of resist corrosion
HPRegen 1.16/turn    (no ring)
MPRegen 0.36/turn

%: guardian spirit
@: gold aura, sanguine armoured
A: magic shield, magic regeneration, sanguine armour 2, condensation shield,
weakness stinger 1
a: Renounce Religion, Potion Petition, Call Merchant, Bribe Branch


You were on level 2 of the Orcish Mines.
You worshipped Gozag.
Gozag was most pleased with you.
You visited 2 branches of the dungeon, and saw 14 of its levels.
You also visited: Sewer.

You collected 3371 gold pieces.
You spent 1229 gold pieces at shops.
You paid 548 gold pieces to Gozag.

Inventory:

Hand Weapons
 a - a +5 scimitar of freezing
 d - a +4 war axe
 s - a +2 dagger of venom (weapon)
 H - a +3 scimitar
 I - a +4 dagger of freezing
Missiles
 f - 25 poisoned darts (quivered)
 i - 15 boomerangs
 x - 2 javelins
Armour
 b - a +1 kite shield (worn)
 e - the +0 ring mail of Untruth (worn) {rPois rC+ Str+5}
   (You bought it in a shop on level 8 of the Dungeon)

   Str+5:     It affects your strength (+5).
   rC+:       It protects you from cold.
   rPois:     It protects you from poison
 o - a +2 ring mail of cold resistance
 p - a +0 helmet (worn)
 t - a +0 cloak (worn)
 L - the +2 pair of boots "Reesch" {rC- Str+2 SInv}
   (You found it on level 10 of the Dungeon)

   Str+2:     It affects your strength (+2).
   rC-:       It makes you vulnerable to cold.
   SInv:      It lets you see invisible.
 M - a +1 pair of gloves (worn)
Jewellery
 n - the amulet of Truth {Faith rCorr SInv}
   (You found it on level 2 of the Dungeon)

   [amulet of faith]

   Faith:     It allows you to gain divine favour quickly.
   SInv:      It lets you see invisible.
   rCorr:     It protects you from acid and corrosion.
 u - an amulet of regeneration
 y - the amulet "Wiebodua" (around neck) {^Drain rC+ Regen+ Int+2 Slay+3}
   (You bought it in a shop on level 9 of the Dungeon)

   [amulet of regeneration]

   Int+2:     It affects your intelligence (+2).
   Slay+3:    It affects your accuracy & damage with ranged weapons and melee
   (+3).
   rC+:       It protects you from cold.
   Regen+:    It increases your rate of health regeneration.
   ^Drain:    It drains your maximum health when unequipped.
 F - a ring of resist corrosion (left hand)
Talismans
 g - a flux talisman
 B - a serpent talisman
Wands
 q - a wand of iceblast (5)
 G - a wand of mindburst (4)
Scrolls
 l - 3 scrolls of teleportation
 C - a scroll of revelation
 E - a scroll of immolation
 O - a scroll of poison
Potions
 c - 5 potions of curing
 h - 7 potions of heal wounds
 j - 4 potions of cancellation
 k - a potion of ambrosia {unknown}
 m - 3 potions of enlightenment
 r - 3 potions of brilliance
 w - 3 potions of mutation
 z - 2 potions of magic {unknown}
 A - 2 potions of haste
 D - 5 potions of might
 N - a potion of lignification {unknown}


   Skills:
 * Level 10.5 Fighting
 - Level 2.6 Maces & Flails
 * Level 9.5 Armour
 - Level 6.5 Dodging
 * Level 9.8 Shields
 * Level 6.9 Spellcasting
 - Level 1.0 Fire Magic
 - Level 1.2 Invocations
 - Level 1.0 Evocations


You had 22 spell levels left.
You knew the following spells:

 Your Spells              Type           Power      Damage    Failure   Level
a - Foxfire               Conj/Fire      28%        2x1d5     30%         1
b - Apportation           Tloc           10%        N/A       36%         1

Your spell library contained the following spells:

 Spells                   Type           Power      Damage    Failure   Level
 Magic Dart               Conj           20%        1d4       36%         1
 Jinxbite                 Hex            10%        N/A       50%         2
 Searing Ray              Conj           10%        2d4       50%         2
 Volatile Blastmotes      Fire/Tloc      14%        2d11      65%         3
 Fulminant Prism          Conj/Alch      2%         3d5       98%         4
 Alistair's Intoxication  Alch           3%         N/A       100%        5


Dungeon Overview and Level Annotations

Branches:
Dungeon (12/15)            Temple (0/1) D:6            Lair (0/5) D:11
    Orc (2/2) D:9           Sewer (visited)
    Elf: Orc:2

Altars:
Cheibriados
Dithmenos
Fedhas
Gozag
Hepliaklqana
Makhleb
Nemelex Xobeh
Qazlal
Trog
Vehumet
Wu Jian
Xom
Yredelemnul

Shops:
D:8 [   D:9 [=   D:10 :=

Annotations:
Orc:2 exclusion: upstairs


Innate Abilities, Weirdness & Mutations

When hurt, damage is shared between your health and your magic reserves.
You regenerate magic rapidly.
When seriously injured, your blood forms thick armour. (AC +9)
A meltable shield of frost defends you. (SH +4)
You have a small tail.


Message History

The orc warrior shoots an arrow.
You block the arrow.
You see here a +4 dagger.
Items here: )))))) [[[.
You block the orc's attack.
Items here: )))))) [[[.
You slash the orc! You freeze the orc.
You kill the orc!
The orc warrior shoots an arrow.
You block the arrow.
The orc warrior shoots an arrow.
You block the arrow.
An orc warrior is nearby!
Your +5 scimitar of freezing stops glowing.
Your +2 dagger of venom begins to drip with poison!
s - a +2 dagger of venom (weapon)
You hit the orc warrior but do no damage.
The orc warrior is poisoned.
You puncture the orc!
You kill the orc!
The orc warrior unwields a +0 orcbow.
The orc warrior wields a +0 flail.
You block the orc warrior's attack. You block the orc warrior's attack.
Items here: $ ))))))) [[[[.
You hit the orc warrior.
The orc warrior looks as sick as possible!
The orc warrior is moderately wounded.
The orc is distracted by your dazzling golden aura.
You block the orc warrior's attack.
The orc shouts!
You hit the orc warrior but do no damage.
The orc warrior is moderately wounded.
The orc is no longer distracted by gold.
The orc misses you. You block the orc warrior's attack.
You hit the orc warrior but do no damage.
The orc warrior looks as sick as possible!
The orc warrior is heavily wounded.
The orc warrior hits you with a +0 flail!
The ettin hits you with a +0 dire flail!!
* * * LOW HITPOINT WARNING * * *
The ettin hits you with a +0 dire flail!!
You die...
Your body crumbles into a pile of gold.

....###.##.## ......#####)# ####
8. .......##..####..#####...####
....o..###..##..............##
##....o.###..................
.#...o....#..................
.#....)....#...o...........##
.#.............C#...........###
.#....<...).).##@.............###
.#..........###.o........)......#
###........###...................
#......####........#[..#.......
#....######......).##...##......
#.#####.#.......####.....####...
#. ##..........###.......###... #
##..........###...[[....#....
#..#........# #....<....#....


You could see an ettin (poisoned), an orc warrior (extremely poisoned) and an
orc.

Vanquished Creatures
  7 two-headed ogres
  A boulder beetle (D:12)
  A phantasmal warrior (D:12)
  An orc knight (D:9)
  A deep elf pyromancer (D:9)
  A manticore (D:12)
  3 kobold blastminers
  2 elephants (D:11)
  An unseen horror (D:12)
  An unseen horror zombie (D:9)
  5 trolls
  Prince Ribbit (D:7)
  3 yaks (D:11)
  A wyvern (D:7)
  A steam dragon (D:7)
  4 wraiths
  8 vampire mosquitoes
  2 wargs (D:9)
  2 acid dragons
  A water moccasin (D:5)
  A spectral hornet (D:9)
  A sky beast (D:8)
  An ice beast (D:5)
  13 orc warriors
  3 black bears
  5 ogres
  4 centaurs
  A phantom (D:5)
  2 kobold brigands (Sewer)
  7 bullfrogs
  A gnoll sergeant (D:9)
  3 scorpions
  9 wights
  17 killer bees
  5 howler monkeys
  7 jellies
  A hound (D:3)
  A crimson imp (D:8)
  A bombardier beetle (D:6)
  2 centaur skeletons (D:9)
  A centaur zombie (D:9)
  6 orc priests
  3 sleepcaps
  Ijyb (D:5)
  2 iguanas
  11 orc wizards
  7 gnolls
  7 adders
  2 white imps (D:6)
  4 dart slugs
  78 orcs
  6 ball pythons
  16 bats
  7 endoplasms
  9 giant cockroaches
  8 goblins
  5 hobgoblins
  2 jackals (D:2)
  5 quokkas
  5 frilled lizards
  13 kobolds
  9 rats
339 creatures vanquished.

Vanquished Creatures (collateral kills)
  2 yaks (D:11)
2 creatures vanquished.

Vanquished Creatures (others)
  An arcanist (D:9)
  An unseen horror (D:11)
2 creatures vanquished.

Grand Total: 343 creatures vanquished

Notes
Turn   | Place    | Note
-------+----------+-------------------------------------------
     0 | D:1      | Chiseanne the Demonspawn Wanderer began the quest for the
                  | Orb.
     0 | D:1      | Chiseanne set off with the following items: a +2 mace, a +0
                  | buckler, a potion of curing, a +0 leather armour; and the
                  | following spell memorised: Foxfire; and the following
                  | spells available to memorise: Volatile Blastmotes.
     0 | D:1      | Reached XP level 1. HP: 15/15 MP: 2/2
     0 | D:1      | Chiseanne: it is _always_ the same shit you stupid fuckers
     0 | D:1      | Chiseanne: you have no clue how to make a good game and
                  | thats where cheat on us with this clackmagic fuckery you
                  | idiots
   133 | D:1      | Gained mutation: When seriously injured, your blood forms
                  | armour. (AC +9) [demonic ancestry]
   133 | D:1      | Reached XP level 2. HP: 21/21 MP: 3/3
   315 | D:1      | Reached skill level 1 in Dodging
   454 | D:1      | Reached skill level 1 in Armour
   641 | D:2      | Found an ornate altar of the Wu Jian Council.
   663 | D:2      | Gained mutation: A meltable shield of frost defends you.
                  | (SH +4) [demonic ancestry]
   663 | D:2      | Reached XP level 3. HP: 17/27 MP: 4/4
   803 | D:2      | Reached skill level 2 in Fighting
   942 | D:2      | Chiseanne: I haven´t scored in years because idiots made it
                  | impossible to w2in you fuckers..stupid twats
   958 | D:2      | Chiseanne: all you idiots can come up with is annoyiong
                  | shit like glasswalls..FUCK YOU
   978 | D:2      | Identified the amulet of Truth {Faith rCorr SInv}
  1129 | D:2      | Reached XP level 4. HP: 33/33 MP: 5/5
  1672 | D:3      | Found an opulent altar of Gozag.
  1673 | D:3      | Found a snail-covered altar of Cheibriados.
  1674 | D:3      | Found a radiant altar of Vehumet.
  1680 | D:3      | Became a worshipper of Gozag Ym Sagoz the Greedy
  1886 | D:3      | Gained mutation: When seriously injured, your blood forms
                  | thick armour. (AC +9) [demonic ancestry]
  1886 | D:3      | Reached XP level 5. HP: 35/39 MP: 6/6
  2492 | D:3      | Found a blossoming altar of Fedhas.
  3033 | D:4      | Reached skill level 3 in Fighting
  3183 | D:4      | Reached XP level 6. HP: 47/47 MP: 7/7
  3637 | D:4      | Found a basalt altar of Yredelemnul.
  3640 | D:4      | Noticed a profane servitor
  3816 | D:4      | Noticed an angel
  3920 | D:5      | Entered Level 5 of the Dungeon
  4162 | D:5      | Found a shimmering altar of Xom.
  4208 | D:5      | Gained mutation: You regenerate magic rapidly. [demonic
                  | ancestry]
  4208 | D:5      | Reached XP level 7. HP: 53/53 MP: 8/8
  4406 | D:5      | Reached skill level 4 in Fighting
  4576 | D:5      | Noticed Ijyb
  4594 | D:5      | Killed Ijyb
  5259 | D:6      | Found a glowing drain.
  5306 | Sewer    | Entered a sewer
  5366 | Sewer    | Reached XP level 8. HP: 37/61 MP: 9/9
  5554 | D:6      | Found a hazy altar of Hepliaklqana.
  5573 | D:6      | Found a staircase to the Ecumenical Temple.
  5698 | D:6      | Reached skill level 5 in Fighting
  5731 | D:6      | Reached skill level 5 in Shields
  6124 | D:7      | Noticed a troll
  6137 | D:6      | Killed a troll
  6289 | D:7      | Noticed Prince Ribbit
  6305 | D:6      | Reached skill level 5 in Dodging
  6512 | D:7      | Reached skill level 5 in Armour
  6622 | D:7      | Gained mutation: When hurt, damage is shared between your
                  | health and your magic reserves. [demonic ancestry]
  6622 | D:7      | Reached XP level 9. HP: 69/69 MP: 10/10
  6693 | D:7      | Reached skill level 6 in Fighting
  6891 | D:7      | Killed Prince Ribbit
  7043 | D:7      | Found an ornate altar of the Wu Jian Council.
  8352 | D:8      | Reached skill level 7 in Fighting
  8621 | D:8      | Found Inaplimi's Armour Shop.
  8651 | D:8      | Bought the +0 ring mail of Untruth {rPois rC+ Str+5} for
                  | 457 gold pieces
  8699 | D:8      | Reached XP level 10. HP: 76/79 MP: 9/11
  8904 | D:8      | Found a burning altar of Makhleb.
  8988 | D:8      | Found a shadowy altar of Dithmenos.
  9075 | D:8      | Learned a level 1 spell: Apportation
  9158 | D:9      | Noticed a two-headed ogre
  9196 | D:9      | Found Anefidof's Armour Shop.
  9251 | D:9      | Found a staircase to the Orcish Mines.
  9262 | D:9      | Killed a two-headed ogre
  9264 | D:9      | Noticed a two-headed ogre
  9602 | D:9      | Noticed a deep elf pyromancer
  9615 | D:9      | Killed a deep elf pyromancer
  9616 | D:9      | Reached skill level 8 in Fighting
  9664 | D:9      | Found a stormy altar of Qazlal.
 10352 | D:9      | Found a bloodstained altar of Trog.
 10353 | D:9      | Noticed a wizard
 10359 | D:9      | Killed a wizard
 10401 | D:9      | HP: 1/79 [two-headed ogre/+0 giant club (9)]
 10403 | D:9      | Chiseanne: FUCK YOU IDIOTS
 10406 | D:9      | Killed a two-headed ogre
 10487 | D:9      | Chiseanne: always excact the same shit you clueless fuckers
 10502 | D:10     | Entered Level 10 of the Dungeon
 10683 | D:10     | Found a sparkling altar of Nemelex Xobeh.
 10726 | D:10     | Chiseanne: when in doubt you just don´t miss anything even
                  | tho there was never an issue before..ALGORYTHM INFESTED
                  | SHTI
 10843 | D:10     | Found Funywnod's Jewellery Shop.
 10843 | D:10     | Noticed a two-headed ogre
 10851 | D:10     | Killed a two-headed ogre
 10852 | D:10     | Reached XP level 11. HP: 84/87 MP: 17/17
 10900 | D:10     | Found Duraosid's Book Boutique.
 11042 | D:9      | Bought the amulet "Wiebodua" {^Drain rC+ Regen+ Int+2
                  | Slay+3} for 772 gold pieces
 11124 | D:10     | Identified the +2 pair of boots "Reesch" {rC- Str+2 SInv}
 11401 | D:11     | Reached skill level 9 in Fighting
 11429 | D:11     | Noticed a two-headed ogre
 11435 | D:11     | Killed a two-headed ogre
 11546 | D:11     | Reached skill level 5 in Spellcasting
 11568 | D:11     | Found a staircase to the Lair.
 11865 | D:11     | Noticed a two-headed ogre
 11865 | D:11     | Noticed a two-headed ogre
 11878 | D:11     | Killed a two-headed ogre
 11890 | D:11     | Killed a two-headed ogre
 12188 | D:12     | Noticed a boulder beetle
 12204 | D:12     | Killed a boulder beetle
 12396 | D:12     | Noticed a two-headed ogre
 12410 | D:12     | Killed a two-headed ogre
 12411 | D:12     | Reached skill level 10 in Fighting
 12510 | D:12     | Gained mutation: You have a small tail. [demonic ancestry]
 12510 | D:12     | Reached XP level 12. HP: 97/97 MP: 21/21
 12518 | D:12     | Noticed a frost giant
 12556 | D:12     | Noticed a centaur warrior
 13039 | Orc:1    | Entered Level 1 of the Orcish Mines
 13385 | Orc:2    | Entered Level 2 of the Orcish Mines
 14015 | Orc:2    | Noticed an ettin
 14064 | Orc:2    | Mangled by an ettin

Illustrated notes

Levels and vault maps discovered:
D:1:      scummos_arrival_hexagon, layout_basic, minmay_tetromino_l2
D:2:      layout_basic, basic_altar, kennysheep_generic_room_16
D:3:      layout_basic, overflow_temple_1_default, mainiacjoe_overflow_alcove_3
D:4:      layout_basic, grunt_temple_overflow_holy_war, serial_rivers,
          chequers_serial_rivers_large_a, chequers_serial_rivers_marsh,
          chequers_serial_rivers_micro_c, chequers_serial_rivers_marsh,
          chequers_serial_rivers_room_a
D:5:      nicolae_cairo_tiling, layout_loops_ring, mainiacjoe_overflow_chevrons,
          uniq_ijyb
D:6:      layout_basic, mainiacjoe_overflow_surrounded_room,
          minmay_temple_entry_stoned_glass, portal_sewer_entry_f,
          roderic_batcave, st_stairs_13
D:7:      layout_basic, mainiacjoe_overflow_24_doors,
          kennysheep_generic_room_15, uniq_prince_ribbit1
D:8:      layout_basic, makhleb_grotto_becter, lemuel_coloured_pillars_altar,
          serial_shops, nicolae_shop_getting_attention, minmay_statues_item,
          grunt_ministairs_15, lightli_orcish_oven
D:9:      layout_irregular_city, trog_wizard, nicolae_qazlal_general_emergency,
          orc_david_3, chequers_mini_garden, hangedman_weighted_door
D:10:     layout_basic, mainiacjoe_overflow_concentric_impassable, serial_shops,
          nicolae_shop_tiny_glass, nicolae_shop_hallway_plus
D:11:     layout_roguey, grunt_lair_entry_orc_guard_hut
D:12:     minmay_mutant_horseshoe, layout_loops_ring
Orc:1:    layout_caves
Orc:2:    pubby_orc_utopia, uniq_jorgrun

Skill      XL: |  1  2  3  4  5  6  7  8  9 10 11 |
---------------+----------------------------------+-----
Shields        | 2 3 4 5 6 8 9 |  9.8
Dodging        | 1 2 3 4 5 6 |  6.5
Armour         | 1 2 3 4 5 6 7 9 |  9.5
Fighting       | 2 3 4 5 7 8 10 | 10.5
Spellcasting   | 4 6 |  6.9
Maces & Flails | |  2.6
Fire Magic     | |  1.0
Invocations    | |  1.2
Evocations     | |  1.0

Action                     |  1- 3 |  4- 6 |  7- 9 | 10-12 || total
---------------------------+-------+-------+-------+-------++-------
  Melee: Mace              |    98 |   207 |   191 |       ||   496
         Dagger            |       |       |   316 |   355 ||   671
         Scimitar          |       |       |    27 |   379 ||   406
         War axe           |       |       |    10 |       ||    10
         Tailslap          |       |       |       |    42 ||    42
  Throw: Dart              |       |     4 |    11 |    23 ||    38
         Boomerang         |       |       |     4 |       ||     4
         Stone             |       |       |     3 |       ||     3
 Invoke: Call Merchant     |       |       |       |     1 ||     1
  Evoke: Wand              |       |     2 |     6 |    21 ||    29
    Use: Scroll            |     3 |     5 |     8 |    11 ||    27
   Stab: Paralysed         |       |     5 |       |       ||     5
         Distracted        |       |       |     4 |       ||     4
 Armour: Leather armour    |    53 |       |       |       ||    53
         Ring mail         |     2 |    96 |   294 |   498 ||   890
         Scale mail        |       |    22 |    43 |       ||    65
  Dodge: Dodged            |    53 |    86 |   229 |   319 ||   687
  Block: Buckler           |    38 |   103 |   251 |       ||   392
         Kite shield       |       |       |   183 |   764 ||   947
